 Dungeon Crawl Stone Soup version 0.28.0-43-g3370ac3207 (webtiles) character file.

Game seed: 5261344202519128301

71 Ablot the Grasshopper (level 4, -2/38 HPs)
             Began as a Gnoll Warper on Mar 2, 2022.
             Slain by a centaur (6 damage)
             ... on level 3 of the Dungeon.
             The game lasted 00:03:01 (2918 turns).

Ablot the Grasshopper (Gnoll Warper)                Turns: 2918, Time: 00:03:02

Health: -2/38      AC:  4    Str: 12    XL:     4   Next: 24%
Magic:  11/11      EV: 12    Int: 13    God:
Gold:   65         SH:  0    Dex: 11    Spells: 11/13 levels left

rFire   + . .      SeeInvis .   h - +3 dagger
rCold   . . .      Faith    .   (no shield)
rNeg    + . .      Spirit   .   b - +0 leather armour
rPois   .          Reflect  .   (no helmet)
rElec   .          Harm     .   (no cloak)
rCorr   .          Rampage  .   (no gloves)
Will    .....                   n - +0 pair of boots
Stlth   +.........              (no amulet)
HPRegen 0.12/turn               q - ring of positive energy
MPRegen 0.12/turn               r - ring of protection from fire

@: no status effects
A: fangs 1, strong nose, distributed training
a: no special abilities


You were on level 3 of the Dungeon.
You visited 1 branch of the dungeon, and saw 3 of its levels.

You collected 65 gold pieces.

Inventory:

Hand Weapons
 a - a +0 spear
 h - a +3 dagger (weapon)
 i - a +0 hunting sling
Missiles
 d - 4 boomerangs of dispersal
 e - 13 sling bullets
 f - 22 arrows
 g - 2 stones
 k - 41 bolts
 m - 6 poisoned darts (quivered)
 p - 11 curare-tipped darts
Armour
 b - a +0 leather armour (worn)
 n - a +0 pair of boots (worn)
Jewellery
 q - a ring of positive energy (left hand)
 r - a ring of protection from fire (right hand)
Scrolls
 c - 2 scrolls of blinking
Potions
 j - a potion of might {unknown}
 l - 3 potions of curing {unknown}
 o - a potion of brilliance {unknown}


   Skills:
 + Level 4.6 Fighting
 + Level 1.1 Short Blades
 + Level 1.1 Long Blades
 + Level 1.1 Axes
 + Level 1.1 Maces & Flails
 + Level 4.6 Polearms
 + Level 1.1 Staves
 + Level 1.1 Slings
 + Level 1.1 Bows
 + Level 1.1 Crossbows
 + Level 2.7 Throwing
 + Level 2.7 Armour
 + Level 4.6 Dodging
 + Level 1.1 Stealth
 + Level 1.1 Shields
 + Level 1.1 Unarmed Combat
 + Level 5.0 Spellcasting
 + Level 0.8 Conjurations
 + Level 0.8 Hexes
 + Level 0.8 Summonings
 + Level 0.8 Necromancy
 + Level 5.4 Translocations
 + Level 0.8 Transmutations
 + Level 0.8 Fire Magic
 + Level 0.8 Ice Magic
 + Level 0.8 Air Magic
 + Level 0.8 Earth Magic
 + Level 0.8 Poison Magic
 + Level 1.2 Invocations
 + Level 1.1 Evocations


You had 11 spell levels left.
You knew the following spells:

 Your Spells              Type           Power      Damage    Failure   Level
a - Blink                 Tloc           34%        N/A       3%          2

Your spell library contained the following spells:

 Spells                   Type           Power      Damage    Failure   Level
 Gell's Gravitas          Tloc           17%        N/A       8%          3
 Lesser Beckoning         Tloc           17%        N/A       8%          3
 Teleport Other           Tloc           17%        N/A       8%          3
 Corpse Rot               Necr/Air       10%        N/A       26%         2
 Poisonous Vapours        Pois/Air       10%        N/A       26%         2
 Manifold Assault         Tloc           17%        N/A       56%         5


Dungeon Overview and Level Annotations

Branches:
Dungeon (3/15)

Altars:

Annotations:
D:2 1 runed translucent door, exclusion: door


Innate Abilities, Weirdness & Mutations

You have very sharp teeth.
Your uncanny sense of smell can sniff out nearby items.
Your experience applies equally to all skills.


Message History

The centaur is moderately wounded.
The centaur hits you but does no damage.
The centaur closely misses you.
You hit the centaur.
The centaur is heavily wounded.
The centaur hits you but does no damage.
The centaur barely misses you.
The centaur hits you but does no damage.
The centaur kicks you but does no damage.
You closely miss the centaur.
The centaur is heavily wounded.
The centaur closely misses you. The centaur kicks you.
You hit the centaur.
The centaur is heavily wounded.
The centaur hits you. The centaur misses you.
The centaur hits you but does no damage.
The centaur kicks you.
You barely miss the centaur. You bite the centaur, but do no damage.
The centaur is heavily wounded.
The centaur closely misses you. The centaur misses you.
You hit the centaur.
The centaur is severely wounded.
The centaur barely misses you. The centaur closely misses you.
The centaur hits you. The centaur kicks you.
You hit the centaur.
The centaur is severely wounded.
The centaur hits you but does no damage.
The centaur kicks you but does no damage.
You closely miss the centaur.
The centaur is severely wounded.
The centaur hits you but does no damage.
The centaur kicks you but does no damage.
The centaur hits you.
* * * LOW HITPOINT WARNING * * *
The centaur kicks you.
* * * LOW HITPOINT WARNING * * *
You hit the centaur.
The centaur is severely wounded.
The centaur hits you.
You die...

.# . #.###### # ..
#.##... .#
..##.##.###.###
...............
#............
#######....c.......
#.........#@###
#.######..#...#
#...........#.#
#.###..<......#
#.......#####
#.....#.# ####..#.#
.>.... #####.##


You could see a centaur.

Vanquished Creatures
  3 adders (D:2)
  A worm (D:2)
  4 ball pythons
  6 endoplasms
  2 giant cockroaches (D:1)
  3 goblins (D:1)
  3 hobgoblins (D:2)
  7 kobolds
  A quokka (D:1)
  3 bats
  2 frilled lizards (D:2)
  7 rats
42 creatures vanquished.

Notes
Turn   | Place    | Note
-------+----------+-------------------------------------------
     0 | D:1      | Ablot the Gnoll Warper began the quest for the Orb.
     0 | D:1      | Reached XP level 1. HP: 20/20 MP: 6/6
   233 | D:1      | Reached XP level 2. HP: 23/26 MP: 7/7
   236 | D:1      | Learned a level 2 spell: Blink
   836 | D:1      | Found a faded altar of an unknown god.
   876 | D:1      | Reached XP level 3. HP: 9/31 MP: 9/9
  1232 | D:2      | Reached skill level 5 in Spellcasting
  1624 | D:2      | Reached skill level 1 in Invocations
  1716 | D:2      | Reached skill level 1 in Short Blades
  1716 | D:2      | Reached skill level 1 in Long Blades
  1716 | D:2      | Reached skill level 1 in Axes
  1716 | D:2      | Reached skill level 1 in Maces & Flails
  1716 | D:2      | Reached skill level 1 in Staves
  1716 | D:2      | Reached skill level 1 in Slings
  1716 | D:2      | Reached skill level 1 in Bows
  1716 | D:2      | Reached skill level 1 in Crossbows
  1716 | D:2      | Reached skill level 1 in Stealth
  1716 | D:2      | Reached skill level 1 in Shields
  1716 | D:2      | Reached skill level 1 in Unarmed Combat
  1716 | D:2      | Reached skill level 1 in Evocations
  1719 | D:2      | Reached XP level 4. HP: 11/38 MP: 11/11
  2396 | D:2      | Found a runed translucent door.
  2902 | D:3      | Noticed a centaur
  2918 | D:3      | Slain by a centaur

Illustrated notes

Levels and vault maps discovered:
D:1:      scummos_arrival_star, layout_basic, chequers_ecumenical_altar_simple,
          minmay_misc_feat_tiny
D:2:      layout_loops_cross, minmay_diced_spiral, uniq_crazy_yiuf_cottage
D:3:      layout_basic, kennysheep_donut, minivault_4, lexackson_kobold_supper,
          uniq_sigmund, uniq_grinder, uniq_jessica

Skill      XL: |  1  2  3 |
---------------+----------+-----
Spellcasting   | 5 |  5.0
Invocations    | 1 |  1.2
Short Blades   | 1 |  1.1
Long Blades    | 1 |  1.1
Axes           | 1 |  1.1
Maces & Flails | 1 |  1.1
Staves         | 1 |  1.1
Slings         | 1 |  1.1
Bows           | 1 |  1.1
Crossbows      | 1 |  1.1
Stealth        | 1 |  1.1
Shields        | 1 |  1.1
Unarmed Combat | 1 |  1.1
Evocations     | 1 |  1.1
Fighting       | |  4.6
Polearms       | |  4.6
Throwing       | |  2.7
Armour         | |  2.7
Dodging        | |  4.6
Conjurations   | |  0.8
Hexes          | |  0.8
Summonings     | |  0.8
Necromancy     | |  0.8
Translocations | |  5.4
Transmutations | |  0.8
Fire Magic     | |  0.8
Ice Magic      | |  0.8
Air Magic      | |  0.8
Earth Magic    | |  0.8
Poison Magic   | |  0.8

Action                   |  1- 3 |  4- 6 || total
-------------------------+-------+-------++-------
Melee: Spear             |     8 |       ||     8
       Dagger            |   111 |    35 ||   146
       Bite              |     8 |     1 ||     9
       Punch             |     1 |     1 ||     2
Throw: Stone             |     2 |       ||     2
       Boomerang         |     1 |       ||     1
Armor: Leather armour    |    33 |    19 ||    52
Dodge: Dodged            |    63 |    24 ||    87
